 Dungeon Crawl Stone Soup version 0.31-a0-1068-g5939ac1fb6 (webtiles) character file.

Game seed: 5389736310537916490

828 inmateoo the Chopper (level 7, -3/82 HPs)
             Began as a Demonspawn Berserker on Nov 23, 2023.
             Was a Believer of Trog.
             Slain by an ogre
             ... wielding a +0 giant club
              (14 damage)
             ... on level 6 of the Dungeon.
             The game lasted 00:04:51 (5267 turns).

inmateoo the Chopper (Demonspawn Berserker)         Turns: 5267, Time: 00:04:52

Health: -3/82      AC:  4    Str: 26    XL:     7   Next: 65%
Magic:  7/7        EV: 12    Int: 10    God:    Trog [**....]
Gold:   252        SH:  0    Dex: 12    Spells: 6/6 levels left

rFire   . . .        x - +0 war axe
rCold   . . .        (no shield)
rNeg    . . .        E - +0 troll leather armour
rPois   +            (no helmet)
rElec   .            (no cloak)
rCorr   .            (gloves unavailable)
SInv    .            w - +0 pair of boots
Will    .....        l - amulet of magic regeneration Stlth
                     b - ring of poison resistance
HPRegen 1.13/turn    v - +6 ring of strength
MPRegen 0.50/turn

%: no passive effects
@: berserking, very quick
A: claws 3, big brain 1, demonic magic 1
a: Renounce Religion, Berserk, Trog's Hand


You were on level 6 of the Dungeon.
You worshipped Trog.
Trog was pleased with you.
You visited 1 branch of the dungeon, and saw 6 of its levels.
You also visited: Sewer.

You collected 252 gold pieces.

Inventory:

Hand Weapons
 a - a +0 hand axe
 x - a +0 war axe (weapon)
Missiles
 j - 4 silver javelins (quivered)
Armour
 w - a +0 pair of boots (worn)
 E - a +0 troll leather armour (worn)
Jewellery
 b - a ring of poison resistance (left claw)
 l - an amulet of magic regeneration (around neck)
 v - a +6 ring of strength (right claw)
Wands
 C - a wand of flame (18)
Scrolls
 c - 2 scrolls of amnesia {unknown}
 d - 2 scrolls of enchant weapon {unknown}
 e - 3 scrolls of fear {unknown}
 i - 2 scrolls of poison {unknown}
 k - a scroll of identify {unknown}
 q - a scroll of vulnerability {unknown}
 r - a scroll of immolation {unknown}
 u - 3 scrolls of enchant armour {unknown}
 y - a scroll of teleportation {unknown}
Potions
 f - a potion of degeneration {unknown}
 g - 3 potions of enlightenment
 h - 2 potions of haste {unknown}
 m - 2 potions of curing
 n - a potion of magic {unknown}
 o - a potion of attraction {unknown}
 p - a potion of lignification {unknown}
 s - a potion of cancellation {unknown}
 t - a potion of might {unknown}
 z - a potion of invisibility {unknown}
 A - a potion of berserk rage {unknown}
 B - 2 potions of heal wounds {unknown}
 D - a potion of mutation {unknown}


   Skills:
 + Level 4.8 Fighting
 * Level 5.6 Axes
 + Level 4.0 Armour
 + Level 3.8 Dodging


You had 6 spell levels left.
You didn't know any spells.
Your spell library was empty.

Dungeon Overview and Level Annotations

Branches:
Dungeon (6/15)             Temple (0/1) D:5           Sewer (visited)

Altars:
Kikubaaqudgha


Innate Abilities, Weirdness & Mutations

You have claws for hands.
You have an unusually large brain. (Int +2)
Spells you cast may paralyse adjacent enemies.


Message History

No target in view!
You see here a +0 hand axe.
Key pressed, stopping explore.
No target in view!
You open the door.
A centaur comes into view.
The centaur wields a +0 shortbow.
The centaur shoots an arrow.
The arrow hits you!
There is an open door here.
The centaur shoots an arrow.
The arrow closely misses you.
An ogre comes into view. It is wielding a +0 giant club.
Search for what [Enter for "."]?
The centaur shoots an arrow.
The arrow hits you.
The centaur shoots an arrow.
The arrow hits you.
The centaur shoots an arrow.
The arrow hits you.
The centaur shoots an arrow.
The arrow closely misses you.
You slash the ogre!
The ogre is moderately wounded.
The centaur unwields a +0 shortbow.
The centaur barely misses you.
The centaur kicks you but does no damage.
The ogre barely misses you.
You barely miss the ogre.
The ogre is moderately wounded.
You hit the centaur but do no damage. The centaur hits you.
The centaur closely misses you. The centaur hits you.
The centaur barely misses you.
The ogre hits you with a +0 giant club!!
Ouch! That really hurt!
* * * LOW HITPOINT WARNING * * *
You are too injured to fight recklessly!
A red film seems to cover your vision as you go berserk!
You feel yourself moving faster!
You feel mighty! The centaur misses you. The centaur kicks you.
* * * LOW HITPOINT WARNING * * *
You closely miss the ogre.
The ogre is moderately wounded.
You slash the centaur! The centaur closely misses you.
The centaur kicks you but does no damage.
The ogre hits you with a +0 giant club!
You die...

#......#
+......##
#.......
#......#
#......#
#......#
#...Oc.#
+...@..#
#......#
######......#
####
#....#......#
#...
+....###'####
##...
#...........#
#....
#...........#
#....
#.....<.....#
#....
##.........(.#
##...


You could see an ogre and a centaur.

Vanquished Creatures
  2 ogres
  A centaur (D:5)
  A phantom (D:5)
  A kobold brigand (Sewer)
  2 scorpions
  A howler monkey (D:5)
  2 iguanas (D:5)
  An orc wizard (D:5)
  3 river rats
  7 adders
  A shadow imp (D:4)
  2 worms (D:3)
  A dart slug (D:4)
  5 orcs
  10 ball pythons
  4 endoplasms
  A giant cockroach (D:3)
  10 goblins
  6 hobgoblins
  10 jackals
  3 quokkas
  2 bats (D:2)
  2 frilled lizards (D:1)
  20 kobolds
  5 rats
103 creatures vanquished.

Notes
Turn   | Place    | Note
-------+----------+-------------------------------------------
     0 | D:1      | inmateoo the Demonspawn Berserker began the quest for the
                  | Orb.
     0 | D:1      | Reached XP level 1. HP: 18/18 MP: 1/1
   149 | D:1      | Gained mutation: You have sharp fingernails. [demonic
                  | ancestry]
   149 | D:1      | Reached XP level 2. HP: 8/24 MP: 2/2
   152 | D:1      | Reached skill level 3 in Axes
   719 | D:1      | Gained mutation: You have an unusually large brain. (Int
                  | +2) [demonic ancestry]
   719 | D:1      | Reached XP level 3. HP: 18/29 MP: 3/3
   999 | D:2      | Reached ** piety under Trog
  1166 | D:2      | You fall into a shaft and drop 2 floors!
  1217 | D:4      | Found an ancient bone altar of Kikubaaqudgha.
  1336 | D:3      | Gained mutation: Spells you cast may paralyse adjacent
                  | enemies. [demonic ancestry]
  1336 | D:3      | Reached XP level 4. HP: 33/35 MP: 4/4
  1685 | D:3      | Found a glowing drain.
  1689 | Sewer    | Entered a sewer
  1708 | Sewer    | Gained mutation: You have very sharp fingernails. [demonic
                  | ancestry]
  1708 | Sewer    | Reached XP level 5. HP: 24/41 MP: 5/5
  1867 | Sewer    | Reached skill level 4 in Axes
  2993 | D:4      | Noticed an ogre
  3000 | D:4      | Killed an ogre
  3001 | D:4      | Gained mutation: You have claws for hands. [demonic
                  | ancestry]
  3001 | D:4      | Reached XP level 6. HP: 48/48 MP: 6/6
  3131 | D:4      | Identified the +5 hand axe "Faledoj" {protect, *Slow Int+4}
  3632 | D:4      | Identified the +4 robe "Plog" {rF- Str+4}
  4004 | D:5      | Entered Level 5 of the Dungeon
  4113 | D:5      | Reached skill level 5 in Axes
  4113 | D:5      | Reached XP level 7. HP: 49/55 MP: 7/7
  4369 | D:5      | Found a staircase to the Ecumenical Temple.
  5267 | D:6      | Slain by an ogre

Illustrated notes

Levels and vault maps discovered:
D:1:      eino_arrival_water_cross, layout_basic, serial_forest,
          infiniplex_forest_straight_3, infiniplex_forest_clump_small,
          infiniplex_forest_straight_4, infiniplex_forest_diagonal,
          infiniplex_forest_end_double, infiniplex_forest_lined_corner
D:2:      layout_rooms
D:3:      layout_loops_corners, nicolae_elyvilon_temple_path,
          nicolae_overflow_hidden_temple, gup_sewer_entry_spiral,
          minmay_liquid_box, minivault_11
D:4:      layout_basic, mainiacjoe_overflow_tiny_flanked
D:5:      layout_loops_corners, minmay_temple_entry_mist
D:6:      layout_gridville, mainiacjoe_overflow_six_doors_small,
          mainiacjoe_overflow_big_doors, nzn_wu_jian_council_hall, st_stairs_9,
          hangedman_abyss_or_decor_stagger, hellmonk_guarded_unrand_hermit

Skill      XL: |  1  2  3  4  5  6  7 |
---------------+----------------------+-----
Armour         | 2 3 4 |  4.0
Axes           | 3 4 5 |  5.6
Dodging        | 2 3 |  3.8
Fighting       | 4 |  4.8

Action                     |  1- 3 |  4- 6 |  7- 9 || total
---------------------------+-------+-------+-------++-------
  Melee: Hand axe          |   132 |   181 |     1 ||   314
         War axe           |       |       |    53 ||    53
         Punch             |       |       |     1 ||     1
  Throw: Javelin           |     1 |       |       ||     1
 Invoke: Berserk           |     1 |     6 |     1 ||     8
         Trog's Hand       |       |     1 |       ||     1
   Stab: Distracted        |     1 |       |       ||     1
         Sleeping          |       |     1 |       ||     1
 Armour: Animal skin       |    70 |    72 |       ||   142
         Chain mail        |       |    37 |    60 ||    97
         Troll leather arm |       |       |    12 ||    12
  Dodge: Dodged            |    97 |   111 |    27 ||   235

Table legend: (Time is in decaauts)
 A = Elapsed time spent in this place.
 B = Non-inter-level travel time spent in this place.
 C = Inter-level travel time spent in this place.
 D = Time resting spent in this place.
 E = Time spent auto-exploring this place.
 F = Levels seen in this place.
 G = Mean time per level.
                   A        B        C        D        E       F      G
               +--------+--------+--------+--------+--------+-----+--------+
         Total |   5445 |   5125 |    320 |    929 |   3054 |   7 |  777.9 |
       Dungeon |   5013 |   4693 |    320 |    702 |   2961 |   6 |  835.5 |
         Sewer |    431 |    431 |      0 |    227 |     93 |   1 |  431.0 |
               +--------+--------+--------+--------+--------+-----+--------+

Top non-repeatable levels by time:
     D:3: 1244 daAuts
     D:4: 1242 daAuts
     D:5: 985 daAuts
     D:1: 907 daAuts
   Sewer: 431 daAuts
     D:2: 399 daAuts
     D:6: 233 daAuts
